cohdb
Replays
Latest Replays
All Replays
Popular Replays
Top Player Replays
Match Explorer
How It Works
Community
CoH3 Stats
Reddit
Sign in to upload your games and track your stats! →
Sign in with Steam
Match 42186467
Unlisted
Match 42186467
Overview
Messages
Build Orders
End
Construct Infanterie Kompanie
Kettenkrad Recon Vehicle
Grenadier Squad
Selects Mechanized Battlegroup
MG 42 Machine Gun Team
Grenadier Squad
GrW 34 Mortar Team
Construct Luftwaffe Kompanie
Support Elements
Wirbelwind Flakpanzer
Selects Raid Package
Luftwaffe Officer Quarters
Jäger Squad
Flak 30 Anti-aircraft Gun Team
Wirbelwind Flakpanzer
Sensei Landa
Danny
Unsafe
RDFlight
applejuice
Soil
0
0
Comments
sign in to comment!
No comments posted yet!